| TOP OF THE 1ST |
|
New Hampshire Fisher Cats batting - Pitching for Midland RockHounds : RHP Mike Staley
|
|
Pitching: RHP Mike Staley
|
|
|
Batting: LHB Ray Whitehead
|
0-0: Ball 1-0: Foul Ball, location: 2F 1-1: Ball 2-1: Foul Ball, location: 2F 2-2: Foul Ball, location: 2F 2-2: Ball 3-2: Base on Balls
|
|
Batting: LHB Jose Bregaro
|
0-0: Called Strike 0-1: Called Strike 0-2: Ball 1-2: Ball 2-2: Fly out, F2 (Popup, 2R, EV 96.2 MPH)
|
|
Batting: RHB Eddie LaRose
|
0-0: Called Strike 0-1: Called Strike 0-2: Ball 1-2: SINGLE (Line Drive, 3D, EV 98.8 MPH) Ray Whitehead to second
|
|
Batting: RHB Danny Alberto
|
0-0: Called Strike 0-1: Called Strike 0-2: Strikes out looking
|
|
Batting: RHB Lee McKay
|
0-0: Ball 1-0: Swinging Strike 1-1: Called Strike 1-2: Ball 2-2: Ground out 4-3 (Groundball, 4D, EV 96.9 MPH)
|
| Top of the 1st over - 0 runs, 1 hit, 0 errors, 2 left on base; New Hampshire 0 - Midland 0 |
| BOTTOM OF THE 1ST |
|
Midland RockHounds batting - Pitching for New Hampshire Fisher Cats : RHP Cody Walsh
|
|
Pitching: RHP Cody Walsh
|
|
|
Batting: LHB Angel Sanchez
|
0-0: Ball 1-0: Ball 2-0: Called Strike 2-1: Called Strike 2-2: Ball 3-2: SINGLE (Groundball, 34D, EV 104.4 MPH)
|
|
Batting: RHB Mario Ramos
|
0-0: Ball 1-0: Ball Angel Sanchez steals 2nd base 2-0: Ball 3-0: Called Strike 3-1: Reached on error, E6 (Groundball, 6, EV 84.4 MPH) Angel Sanchez to third
|
|
Batting: RHB Josh Sinden
|
0-0: Ball 1-0: Called Strike 1-1: Ball 2-1: Foul Ball, location: 2F 2-2: Strikes out swinging
|
|
Batting: LHB John Shults
|
0-0: Ball 1-0: Foul Ball, location: 2F 1-1: Called Strike Mario Ramos is caught stealing 2nd base 2-6 1-2: DOUBLE (Groundball, 3L, EV 100.0 MPH) Angel Sanchez scores
|
|
Batting: RHB Jonathan Gallup
|
0-0: Ball 1-0: Foul Ball, location: 2F 1-1: Ball 2-1: Ground out 5-3 (Groundball, 56, EV 100.0 MPH)
|
| Bottom of the 1st over - 1 run, 2 hits, 1 error, 1 left on base; New Hampshire 0 - Midland 1 |
| TOP OF THE 2ND |
|
New Hampshire Fisher Cats batting - Pitching for Midland RockHounds : RHP Mike Staley
|
|
Batting: RHB Greg Callaghan
|
0-0: Ball 1-0: Called Strike 1-1: Swinging Strike 1-2: Foul Ball, location: 2F 1-2: Foul Ball, location: 2F 1-2: Ball 2-2: Foul Ball, location: 2F 2-2: Ground out 3-1 (Groundball, 13, EV 91.2 MPH)
|
|
Batting: RHB Jorge Baret
|
0-0: Ground out 5-3 (Groundball, 5D, EV 108.1 MPH)
|
|
Batting: SHB Justin Veatch
|
0-0: Called Strike 0-1: Ball 1-1: Ball 2-1: Ball 3-1: Foul Ball, location: 2F 3-2: Foul Ball, location: 2F 3-2: Base on Balls
|
|
Batting: RHB Cyril Husson
|
0-0: Ball 1-0: Ball 2-0: Ball 3-0: Swinging Strike 3-1: Foul Ball, location: 2F 3-2: Strikes out swinging
|
| Top of the 2nd over - 0 runs, 0 hits, 0 errors, 1 left on base; New Hampshire 0 - Midland 1 |
| BOTTOM OF THE 2ND |
|
Midland RockHounds batting - Pitching for New Hampshire Fisher Cats : RHP Cody Walsh
|
|
Batting: SHB John Cummings
|
0-0: Ball 1-0: Foul Ball, location: 2F 1-1: Ball 2-1: Foul Ball, location: 2F 2-2: Strikes out looking
|
|
Batting: RHB Zack DiCicco
|
0-0: Called Strike 0-1: Ground out 5-3 (Groundball, 56, EV 96.2 MPH)
|
|
Batting: RHB Bastiaan Leenders
|
0-0: Swinging Strike 0-1: Ball 1-1: SINGLE (Groundball, 34, EV 94.4 MPH)
|
|
Batting: RHB Justin Menotti
|
0-0: Foul Ball, location: 2F 0-1: Ball 1-1: Ball 2-1: Ball 3-1: 2-RUN HOME RUN (Flyball, 9LD, EV 92.5 MPH), Distance : 328 ft
|
|
Batting: LHB Angel Sanchez
|
0-0: Ball 1-0: Swinging Strike 1-1: Called Strike 1-2: Strikes out swinging
|
| Bottom of the 2nd over - 2 runs, 2 hits, 0 errors, 0 left on base; New Hampshire 0 - Midland 3 |
| TOP OF THE 3RD |
|
New Hampshire Fisher Cats batting - Pitching for Midland RockHounds : RHP Mike Staley
|
|
Pitching: RHP Carlos Alaniz
|
|
|
Batting: LHB Ray Whitehead
|
0-0: Ball 1-0: Called Strike 1-1: Foul Ball, location: 2F 1-2: Ball 2-2: Foul Ball, location: 2F 2-2: Ball 3-2: Foul Ball, location: 2F 3-2: Ground out 6-3 (Groundball, 6, EV 84.4 MPH)
|
|
Batting: LHB Jose Bregaro
|
0-0: Ball 1-0: Fly out, F8 (Flyball, 8RM, EV 77.5 MPH)
|
|
Batting: RHB Eddie LaRose
|
0-0: Called Strike 0-1: Ball 1-1: Swinging Strike 1-2: Strikes out swinging
|
| Top of the 3rd over - 0 runs, 0 hits, 0 errors, 0 left on base; New Hampshire 0 - Midland 3 |
| BOTTOM OF THE 3RD |
|
Midland RockHounds batting - Pitching for New Hampshire Fisher Cats : RHP Cody Walsh
|
|
Batting: RHB Mario Ramos
|
0-0: Swinging Strike 0-1: Ball 1-1: Ground out 5-3 (Groundball, 5, EV 108.1 MPH)
|
|
Batting: RHB Josh Sinden
|
0-0: Called Strike 0-1: Foul Ball, location: 2F 0-2: Fly out, F9 (Flyball, 9LS, EV 80.0 MPH)
|
|
Batting: LHB John Shults
|
0-0: Ball 1-0: Foul Ball, location: 2F 1-1: Ground out 6-3 (Groundball, 4MS, EV 90.0 MPH)
|
| Bottom of the 3rd over - 0 runs, 0 hits, 0 errors, 0 left on base; New Hampshire 0 - Midland 3 |
| TOP OF THE 4TH |
|
New Hampshire Fisher Cats batting - Pitching for Midland RockHounds : RHP Carlos Alaniz
|
|
Batting: RHB Danny Alberto
|
0-0: Foul Ball, location: 2F 0-1: Ball 1-1: Ground out 3-1 (Groundball, 34, EV 77.5 MPH)
|
|
Batting: RHB Lee McKay
|
0-0: Called Strike 0-1: Ball 1-1: DOUBLE (Groundball, 5L, EV 100.6 MPH)
|
|
Batting: RHB Greg Callaghan
|
0-0: Ball 1-0: Reached on error, E6 (Groundball, 6, EV 90.0 MPH) Lee McKay to third
|
|
Batting: RHB Jorge Baret
|
0-0: Ball Greg Callaghan steals 2nd base 1-0: Ball Wild Pitch! Lee McKay scores Greg Callaghan to third 2-0: Called Strike 2-1: Foul Ball, location: 2F 2-2: Ground out 5-3 (Groundball, 56, EV 80.6 MPH) Greg Callaghan scores
|
|
Batting: SHB Justin Veatch
|
0-0: Ball 1-0: Ground out U3 (Groundball, 3, EV 85.0 MPH)
|
| Top of the 4th over - 2 runs, 1 hit, 1 error, 0 left on base; New Hampshire 2 - Midland 3 |
| BOTTOM OF THE 4TH |
|
Midland RockHounds batting - Pitching for New Hampshire Fisher Cats : RHP Cody Walsh
|
|
Batting: RHB Jonathan Gallup
|
0-0: Called Strike 0-1: SOLO HOME RUN (Flyball, 89XD, EV 95.0 MPH), Distance : 386 ft
|
|
Batting: SHB John Cummings
|
0-0: Ground out 3-1 (Groundball, 34S, EV 85.6 MPH)
|
|
Batting: RHB Zack DiCicco
|
0-0: Called Strike 0-1: Ball 1-1: Foul Ball, location: 2F 1-2: Ball 2-2: Strikes out swinging
|
|
Batting: RHB Bastiaan Leenders
|
0-0: Ball 1-0: Ball 2-0: Ground out 6-3 (Groundball, 6, EV 110.6 MPH)
|
| Bottom of the 4th over - 1 run, 1 hit, 0 errors, 0 left on base; New Hampshire 2 - Midland 4 |
| TOP OF THE 5TH |
|
New Hampshire Fisher Cats batting - Pitching for Midland RockHounds : RHP Carlos Alaniz
|
|
Batting: RHB Cyril Husson
|
0-0: Ball 1-0: Swinging Strike 1-1: Foul Ball, location: 2F 1-2: Foul Ball, location: 2F 1-2: Strikes out swinging
|
|
Batting: LHB Ray Whitehead
|
0-0: Reached on error, E6 (Groundball, 6M, EV 81.2 MPH)
|
|
Pitching: LHP Michael Twigg
|
|
|
Batting: LHB Jose Bregaro
|
0-0: Called Strike 0-1: Ball 1-1: Called Strike 1-2: Ball 2-2: Foul Ball, location: 2F 2-2: Ball 3-2: Base on Balls
|
|
Batting: RHB Eddie LaRose
|
0-0: Called Strike 0-1: Swinging Strike 0-2: Strikes out looking
|
|
Batting: RHB Danny Alberto
|
0-0: Fielders Choice at 2nd, 6-4 (Groundball, 6, EV 85.6 MPH)
|
| Top of the 5th over - 0 runs, 0 hits, 1 error, 2 left on base; New Hampshire 2 - Midland 4 |
| BOTTOM OF THE 5TH |
|
Midland RockHounds batting - Pitching for New Hampshire Fisher Cats : RHP Cody Walsh
|
|
Batting: RHB Justin Menotti
|
0-0: Ball 1-0: Called Strike 1-1: Ground out 5-3 (Groundball, 5S, EV 80.0 MPH)
|
|
Batting: LHB Angel Sanchez
|
0-0: DOUBLE (Flyball, 78XD, EV 91.9 MPH)
|
|
Batting: RHB Mario Ramos
|
0-0: Foul Ball, location: 2F 0-1: SINGLE (Groundball, 4S, EV 99.4 MPH) Angel Sanchez to third Runner from 3rd tries for Home, SAFE, throw by RF to home
|
|
Pitching: RHP Andy Lee
|
|
|
Batting: RHB Josh Sinden
|
0-0: Ball 1-0: Ball Wild Pitch! Mario Ramos to second 2-0: Ball 3-0: Called Strike 3-1: Called Strike 3-2: Foul Ball, location: 2F 3-2: Fly out, F7 (Flyball, 7D, EV 73.8 MPH)
|
|
Batting: LHB John Shults
|
0-0: Swinging Strike 0-1: Swinging Strike 0-2: Strikes out swinging
|
| Bottom of the 5th over - 1 run, 2 hits, 0 errors, 1 left on base; New Hampshire 2 - Midland 5 |
| TOP OF THE 6TH |
|
New Hampshire Fisher Cats batting - Pitching for Midland RockHounds : LHP Michael Twigg
|
|
Batting: RHB Lee McKay
|
0-0: Ball 1-0: Called Strike 1-1: Ball 2-1: Ball 3-1: Base on Balls
|
|
Batting: RHB Greg Callaghan
|
0-0: Called Strike 0-1: Ball 1-1: Ball 2-1: Foul Ball, location: 2F 2-2: Foul Ball, location: 2F 2-2: Foul Ball, location: 2F 2-2: Ball 3-2: Foul Ball, location: 2F 3-2: Fly out, F8 (Flyball, 8RD, EV 75.0 MPH)
|
|
Batting: RHB Jorge Baret
|
0-0: Called Strike 0-1: Ball 1-1: Ball 2-1: SINGLE (Groundball, 6S, EV 69.4 MPH) (infield hit) Lee McKay to second
|
|
Batting: SHB Justin Veatch
|
0-0: Ball Lee McKay steals 3rd base 1-0: Fly out, F8 (Flyball, 78M, EV 86.2 MPH) Runner from 3rd tags up, SCORES, throw by CF
|
|
Batting: RHB Cyril Husson
|
0-0: Ball 1-0: Called Strike 1-1: Ball 2-1: Foul Ball, location: 2F 2-2: Foul Ball, location: 2F 2-2: Ball Jorge Baret steals 2nd base 3-2: SINGLE (Line Drive, 6MD, EV 96.2 MPH) Jorge Baret to third
|
|
Pitching: RHP Caleb Franklin
|
|
|
Batting: LHB Ray Whitehead
|
0-0: Ball Cyril Husson steals 2nd base 1-0: Ball 2-0: Ground out 5-3 (Groundball, 5L, EV 102.5 MPH)
|
| Top of the 6th over - 1 run, 2 hits, 0 errors, 2 left on base; New Hampshire 3 - Midland 5 |
| BOTTOM OF THE 6TH |
|
Midland RockHounds batting - Pitching for New Hampshire Fisher Cats : RHP Andy Lee
|
|
Batting: RHB Jonathan Gallup
|
0-0: Foul Ball, location: 2F 0-1: Ball 1-1: Fly out, F8 (Flyball, 8LD, EV 98.8 MPH)
|
|
Batting: SHB John Cummings
|
0-0: Foul Ball, location: 2F 0-1: Ball 1-1: SOLO HOME RUN (Line Drive, 9D, EV 100.6 MPH), Distance : 380 ft
|
|
Batting: RHB Zack DiCicco
|
0-0: Foul Ball, location: 2F 0-1: Ball 1-1: Ball 2-1: Foul Ball, location: 2F 2-2: Ball 3-2: SOLO HOME RUN (Flyball, 78XD, EV 105.0 MPH), Distance : 412 ft
|
|
Batting: RHB Bastiaan Leenders
|
0-0: Ball 1-0: Foul Ball, location: 2F 1-1: Swinging Strike 1-2: Ball 2-2: Ball 3-2: Ground out 5-3 (Groundball, 56S, EV 88.1 MPH)
|
|
Batting: RHB Justin Menotti
|
0-0: Ball 1-0: Ground out 1-3 (Groundball, 13S, EV 65.0 MPH)
|
| Bottom of the 6th over - 2 runs, 2 hits, 0 errors, 0 left on base; New Hampshire 3 - Midland 7 |
| TOP OF THE 7TH |
|
New Hampshire Fisher Cats batting - Pitching for Midland RockHounds : RHP Caleb Franklin
|
|
Batting: LHB Jose Bregaro
|
0-0: Foul Ball, location: 2F 0-1: Swinging Strike 0-2: Ball 1-2: Foul Ball, location: 2F 1-2: Ball 2-2: Ball 3-2: Ground out U3 (Groundball, 34, EV 90.6 MPH)
|
|
Batting: RHB Eddie LaRose
|
0-0: Ball 1-0: Swinging Strike 1-1: Called Strike 1-2: Strikes out swinging
|
|
Batting: RHB Danny Alberto
|
0-0: Foul Ball, location: 2F 0-1: Foul Ball, location: 2F 0-2: Strikes out swinging
|
| Top of the 7th over - 0 runs, 0 hits, 0 errors, 0 left on base; New Hampshire 3 - Midland 7 |
| BOTTOM OF THE 7TH |
|
Midland RockHounds batting - Pitching for New Hampshire Fisher Cats : RHP Andy Lee
|
|
Pitching: LHP Doug Axelsen
|
|
|
Batting: LHB Angel Sanchez
|
0-0: Ball 1-0: Ball 2-0: Ground out U3 (Groundball, 3, EV 82.5 MPH)
|
|
Batting: RHB Mario Ramos
|
0-0: Ball 1-0: Ball 2-0: Ball 3-0: Called Strike 3-1: SINGLE (Groundball, 56D, EV 108.1 MPH)
|
|
Batting: RHB Josh Sinden
|
0-0: Ball 1-0: Ball Mario Ramos is caught stealing 2nd base 2-4 2-0: Ground out 6-3 (Groundball, 6, EV 106.9 MPH)
|
| Bottom of the 7th over - 0 runs, 1 hit, 0 errors, 0 left on base; New Hampshire 3 - Midland 7 |
| TOP OF THE 8TH |
|
New Hampshire Fisher Cats batting - Pitching for Midland RockHounds : RHP Caleb Franklin
|
|
Pitching: RHP Aaron McKinney
|
|
|
Batting: RHB Lee McKay
|
0-0: Ball 1-0: Called Strike 1-1: Swinging Strike 1-2: Foul Ball, location: 2F 1-2: Ball 2-2: Strikes out swinging
|
|
Batting: RHB Greg Callaghan
|
0-0: Called Strike 0-1: Ball 1-1: Called Strike 1-2: Strikes out swinging
|
|
Batting: RHB Jorge Baret
|
0-0: Called Strike 0-1: Foul Ball, location: 2F 0-2: Foul Ball, location: 2F 0-2: Strikes out swinging
|
| Top of the 8th over - 0 runs, 0 hits, 0 errors, 0 left on base; New Hampshire 3 - Midland 7 |
| BOTTOM OF THE 8TH |
|
Midland RockHounds batting - Pitching for New Hampshire Fisher Cats : LHP Doug Axelsen
|
|
Pitching: RHP Doug Seliger
|
|
|
Batting: LHB John Shults
|
0-0: Called Strike 0-1: Ball 1-1: SINGLE (Groundball, 34D, EV 94.4 MPH)
|
|
Batting: RHB Jonathan Gallup
|
0-0: Ball 1-0: Called Strike 1-1: Ball 2-1: Fly out, F5 (Popup, 15S, EV 93.1 MPH)
|
|
Batting: SHB John Cummings
|
0-0: Ball 1-0: Called Strike 1-1: Ball 2-1: Foul Ball, location: 2F 2-2: Strikes out swinging
|
|
Batting: RHB Zack DiCicco
|
0-0: Ball 1-0: Ball 2-0: Fly out, F8 (Flyball, 8LXD, EV 76.2 MPH)
|
| Bottom of the 8th over - 0 runs, 1 hit, 0 errors, 1 left on base; New Hampshire 3 - Midland 7 |
| TOP OF THE 9TH |
|
New Hampshire Fisher Cats batting - Pitching for Midland RockHounds : RHP Aaron McKinney
|
|
Pitching: RHP John Barney
|
|
|
Batting: SHB Justin Veatch
|
0-0: Called Strike 0-1: Called Strike 0-2: Ball 1-2: Strikes out swinging
|
|
Batting: RHB Cyril Husson
|
0-0: Foul Ball, location: 2F 0-1: Ball 1-1: Ball 2-1: Ball 3-1: Fly out, F9 (Flyball, 9LM, EV 87.5 MPH)
|
|
Batting: LHB Ray Whitehead
|
0-0: Ground out 6-3 (Groundball, 6, EV 83.1 MPH)
|
| Top of the 9th over - 0 runs, 0 hits, 0 errors, 0 left on base; New Hampshire 3 - Midland 7 |
|